 Dungeon Crawl Stone Soup version 0.23.2-33-g5129a83184 (console) character file.

Game seed: 7276419544747212765

101 FlyingSalmon the Poker (level 4, 0/35 HPs)
             Began as a Merfolk Gladiator on July 27, 2019.
             Was an Initiate of Elyvilon.
             Slain by a giant cockroach (1 damage)
             ... on level 4 of the Dungeon.
             The game lasted 00:07:48 (1993 turns).

FlyingSalmon the Poker (Merfolk Gladiator)          Turns: 1993, Time: 00:07:49

Health: 0/35       AC:  8    Str: 15    XL:     4   Next: 75%
Magic:  4/4        EV: 11    Int:  7    God:    Elyvilon [......]
Gold:   71         SH:  0    Dex: 15    Spells: 3/3 levels left

rFire    . . .     SeeInvis .   a - +0 trident
rCold    . . .     Gourm    .   (no shield)
rNeg     . . .     Faith    .   l - +0 scale mail
rPois    .         Spirit   .   c - +0 helmet
rElec    .         Reflect  .   (no cloak)
rCorr    .         Harm     .   q - +0 pair of gloves
MR       .....                  (no boots)
Stlth    ..........             (no amulet)
HPRegen  0.11/turn              (no ring)
MPRegen  0.09/turn              (no ring)

@: no status effects
A: change form in water, swift swim, stealthy swim
a: Renounce Religion


You were on level 4 of the Dungeon.
You worshipped Elyvilon.
Elyvilon was noncommittal.
You were hungry.

You visited 1 branch of the dungeon, and saw 4 of its levels.

You collected 71 gold pieces.

Inventory:

Hand Weapons
 a - a +0 trident (weapon)
Missiles
 d - 3 throwing nets (quivered)
 n - 56 stones
Armour
 b - a +0 leather armour
 c - a +0 helmet (worn)
 l - a +0 scale mail (worn)
 q - a +0 pair of gloves (worn)
Jewellery
 e - an uncursed amulet of magic regeneration {unknown}
 j - a +3 ring of intelligence {unknown}
Scrolls
 g - a scroll of identify
 m - a scroll of teleportation {unknown}
 o - a scroll of fear {unknown}
Potions
 h - a potion of berserk rage {unknown}
 i - 2 potions of resistance
 k - a potion of lignification {unknown}
Comestibles
 f - a ration


   Skills:
 + Level 3.0 Fighting
 * Level 6.0 Polearms
 - Level 2.0 Throwing
 + Level 1.1 Armour
 + Level 4.7 Dodging


You had 3 spell levels left.
You didn't know any spells.
Your spell library was empty.

Dungeon Overview and Level Annotations

Branches:
Dungeon (4/15)
 Temple: D:4-7

Altars:
Elyvilon
Gozag
Makhleb
Vehumet
Zin

Annotations:
D:3 Terence


Message History

The orc priest mumbles some strange prayers to Beogh against you.
Beogh smites you!
You barely miss the orc.
The orc is severely wounded.
The orc hits you. The orc hits you with a +0 club.
The giant cockroach bites you but does no damage.
The orc priest closely misses you.
You hit the orc.
You kill the orc!
The howler monkey hoots and howls with incredible vigour!
The orc misses you. The giant cockroach barely misses you.
The orc priest hits you with a +0 dagger.
The orc priest invokes the aid of Beogh against you.
Beogh smites you!
* * * LOW HITPOINT WARNING * * *
You hear an angry hiss.
You barely miss the howler monkey. The orc barely misses you.
A frilled lizard comes into view.
The giant cockroach bites you.
You die...

.# !# .# .#
.### l..#
##h..# #@oo.#
#so..# #
#o######
...#r.....##
.............##
..............#
<..>......<...#
..............#
........./....#


You could see a howler monkey, 2 orc priests, 2 orcs, a giant cockroach, a
frilled lizard and a rat.

Vanquished Creatures
  5 adders
  3 dart slugs
  A leopard gecko (D:1)
  An orc (D:4)
  A ball python (D:1)
  2 giant cockroaches (D:1)
  4 goblins
  5 hobgoblins
  A quokka (D:2)
  6 bats
  5 frilled lizards
  8 kobolds
  9 rats
51 creatures vanquished.

Notes
Turn   | Place    | Note
-------+----------+-------------------------------------------
     0 | D:1      | FlyingSalmon the Merfolk Gladiator began the quest for the
                  | Orb.
     0 | D:1      | Reached XP level 1. HP: 16/16 MP: 1/1
   179 | D:1      | Reached XP level 2. HP: 22/22 MP: 2/2
   240 | D:1      | Reached skill level 5 in Polearms
   416 | D:1      | Reached XP level 3. HP: 26/28 MP: 3/3
   771 | D:2      | Found a radiant altar of Vehumet.
  1085 | D:2      | Reached XP level 4. HP: 30/34 MP: 4/4
  1283 | D:2      | Reached skill level 1 in Armour
  1416 | D:2      | Found a burning altar of Makhleb.
  1416 | D:2      | Found an opulent altar of Gozag.
  1416 | D:2      | Found a glowing silver altar of Zin.
  1417 | D:2      | Found a white marble altar of Elyvilon.
  1505 | D:2      | Became a worshipper of Elyvilon the Healer
  1832 | D:3      | Reached skill level 6 in Polearms
  1970 | D:3      | Noticed Terence
  1992 | D:4      | HP: 1/35 [orc priest/divine providence (15)]
  1993 | D:4      | Slain by a giant cockroach

Skill      XL: |  1  2  3  4 |
---------------+-------------+-----
Polearms       | 5 6 |  6.0
Armour         | 1 |  1.1
Fighting       | 3 |  3.0
Throwing       | |  2.0
Dodging        | |  4.7

Action                   |  1- 3 |  4- 6 || total
-------------------------+-------+-------++-------
Melee: Trident           |   101 |    70 ||   171
Throw: Throwing net      |     1 |       ||     1
  Use: Scroll            |     1 |     2 ||     3
  Eat: Chunk             |     1 |     2 ||     3
Armor: Leather armour    |    17 |       ||    17
       Scale mail        |     5 |    35 ||    40
Dodge: Dodged            |    58 |    49 ||   107
